 Dungeon Crawl Stone Soup version 0.19-a0-1686-g35356ef (webtiles) character file.

940 Amnesiac the Basher (level 8, -1/89 HPs)
             Began as an Ogre Monk on Sept 25, 2016.
             Was an Initiate of Gozag.
             Splashed by a jelly's acid (10 damage)
             ... on level 5 of the Dungeon.
             The game lasted 00:07:48 (6361 turns).

Amnesiac the Basher (Ogre Monk)                     Turns: 6361, Time: 00:07:49

Health: -1/89      AC: -12   Str: 17    XL:     8   Next: 12%
Magic:  8/8        EV: 12    Int:  9    God:    Gozag
Gold:   254        SH:  0    Dex: 14    Spells: 0 memorised, 7 levels left

rFire  + . .     SeeInvis .     i - +0 flail
rCold  . . .     Gourm    .     b - +0 robe
rNeg   . . .     Faith    .     (no shield)
rPois  .         Spirit   .     (helmet restricted)
rElec  .         Dismiss  .     (no cloak)
rCorr  .         Reflect  .     (gloves unavailable)
MR     .....     Harm     +     (boots unavailable)
Stlth  ++........               A - amulet of harm
                                (no ring)
                                p - ring of protection from fire

@: corroded
A: unfitting armour, tough skin 1
a: Potion Petition, Call Merchant, Bribe Branch, Renounce Religion


You were on level 5 of the Dungeon.
You worshipped Gozag.
Gozag was aware of your devotion.
You were not hungry.

You visited 1 branch of the dungeon, and saw 5 of its levels.

You collected 1081 gold pieces.
You spent 92 gold pieces at shops.
You paid 735 gold pieces to Gozag.

Inventory:

Hand Weapons
 i - a +0 flail (weapon)
 z - a +0 trident
Missiles
 s - a throwing net (quivered)
Armour
 b - a +0 robe (worn)
Jewellery
 p - a ring of protection from fire (left hand)
 A - an amulet of harm (around neck)
Wands
 m - a wand of random effects (20/48)
 w - a wand of slowing (24/48)
 D - a wand of iceblast (7/15)
Scrolls
 d - 7 scrolls of identify {unknown}
 e - 4 scrolls of remove curse {unknown}
 g - a scroll of noise {unknown}
 h - a scroll of enchant armour {unknown}
 j - 3 scrolls of enchant weapon {unknown}
 l - a scroll of fear {unknown}
 o - a scroll of recharging {unknown}
 r - 3 scrolls of magic mapping {unknown}
 u - a scroll of immolation {unknown}
 y - 3 scrolls of teleportation {unknown}
Potions
 a - a potion of brilliance {unknown}
 f - 3 potions of lignification {unknown}
 k - 4 potions of curing {unknown}
 n - 2 potions of agility {unknown}
 q - a potion of berserk rage {unknown}
 v - a potion of beneficial mutation {unknown}
 x - a potion of flight {unknown}
 B - a potion of haste {unknown}
 E - a potion of cancellation {unknown}
Comestibles
 c - 3 bread rations
 t - 2 meat rations
 C - 4 fruits


   Skills:
 * Level 8.5 Fighting
 * Level 8.6 Maces & Flails
 + Level 4.3 Dodging
 - Level 1.5 Stealth


You had 7 spell levels left.
You didn't know any spells.

Dungeon Overview and Level Annotations

Branches:
Dungeon (5/15)
 Temple: D:4-7

Altars:
Gozag
Kikubaaqudgha
Nemelex Xobeh
Okawaru
Qazlal
Ru
Uskayaw
Zin
The Shining One

Shops:
D:5 *


Innate Abilities, Weirdness & Mutations

You are too large for most types of armour.
You have tough skin. (AC +1)


Message History

The jelly is almost dead.
The jelly hits you.
* * * LOW HITPOINT WARNING * * *
The acid corrodes you!
You are splashed with acid!
The acid burns!
* * * LOW HITPOINT WARNING * * *
You are too injured to fight recklessly!
Unknown command.
You hit the jelly but do no damage. The acid corrodes you!
Your hands burn!
* * * LOW HITPOINT WARNING * * *
The jelly is almost dead.
The jelly barely misses you.
Unknown command.
You hit the jelly but do no damage.
Your hands burn!
* * * LOW HITPOINT WARNING * * *
The jelly is almost dead.
The jelly hits you.
* * * LOW HITPOINT WARNING * * *
You are splashed with acid!
The acid burns!
You die...
Your body crumbles into a pile of gold.

.######........#
.#....#........+
.#....#........# .
.#....#........# ..
.#.............######...
##....#.................
#....#.................
#######.######$........
#............#.@.......
#...)........#..J......
##............#.........
.####.#####...#######...
.....<....#...## .. ..
.......(..#....#... .
...................
..........#....#
..........#.#####


You could see a jelly.

Vanquished Creatures
  Sigmund (D:2)
  A water moccasin (D:5)
  A bullfrog zombie (D:5)
  3 orc priests
  2 jellies (D:5)
  A bullfrog skeleton (D:5)
  An iguana (D:5)
  4 worker ants
  2 orc wizards
  9 adders
  4 gnolls
  A white imp (D:3)
  2 oozes
  3 worms
  7 dart slugs
  A leopard gecko (D:3)
  12 orcs
  7 bats
  4 giant cockroaches
  14 goblins
  10 hobgoblins
  2 jackals (D:4)
  10 kobolds
  5 quokkas
  2 ball pythons
  9 frilled lizards
  A goblin skeleton (D:4)
  A goblin zombie (D:4)
  4 hobgoblin zombies (D:4)
  A kobold skeleton (D:4)
  3 kobold zombies (D:4)
  A leopard gecko zombie (D:5)
  2 orc skeletons (D:4)
  An orc zombie (D:4)
  A quokka zombie (D:5)
  3 rats
136 creatures vanquished.

Notes
Turn   | Place    | Note
-------+----------+-------------------------------------------
     0 | D:1      | Amnesiac the Ogre Monk began the quest for the Orb.
     0 | D:1      | Reached XP level 1. HP: 24/24 MP: 1/1
    91 | D:1      | Reached XP level 2. HP: 26/32 MP: 2/2
   301 | D:4      | Reached XP level 3. HP: 21/40 MP: 3/3
   534 | D:4      | Found a glowing golden altar of the Shining One.
   647 | D:3      | Found a sparkling altar of Nemelex Xobeh.
   647 | D:3      | Found an opulent altar of Gozag.
   654 | D:3      | Became a worshipper of Gozag Ym Sagoz the Greedy
  1183 | D:3      | Found an ancient bone altar of Kikubaaqudgha.
  1187 | D:3      | Found a stormy altar of Qazlal.
  1187 | D:3      | Found a sacrificial altar of Ru.
  1196 | D:3      | Found a glowing silver altar of Zin.
  1200 | D:3      | Found a hide-covered altar of Uskayaw.
  1293 | D:3      | Reached skill level 5 in Maces & Flails
  1309 | D:3      | Reached XP level 4. HP: 48/49 MP: 4/4
  1407 | D:3      | Reached skill level 5 in Fighting
  2302 | D:1      | Reached XP level 5. HP: 53/57 MP: 5/5
  2493 | D:2      | Noticed Sigmund
  2855 | D:2      | Killed Sigmund
  2855 | D:2      | Reached XP level 6. HP: 50/68 MP: 6/6
  3867 | D:4      | Found a sparkling altar of Nemelex Xobeh.
  4002 | D:4      | Reached XP level 7. HP: 34/78 MP: 7/7
  4828 | D:5      | Entered Level 5 of the Dungeon
  4831 | D:5      | Bought a glowing dark potion for 28 gold pieces
  4831 | D:5      | Bought a scroll labeled WOLANT AWUS for 32 gold pieces
  4831 | D:5      | Bought a scroll labeled WOLANT AWUS for 32 gold pieces
  5822 | D:5      | Reached XP level 8. HP: 57/89 MP: 8/8
  6120 | D:5      | Found an iron altar of Okawaru.
  6361 | D:5      | Splashed by a jelly's acid

Vault maps used:
D:1:      dpeg_arrival_long_road
D:2:      kb_forest_paths, hex_medium, uniq_sigmund
D:3:      grunt_temple_overflow_opulence, minmay_overflow_temple_star_hex,
          first_bread
D:4:      nicolae_tso_besieged_by_evil, kennysheep_small_spiral,
          nemelex_xobeh_ov_fountains_minmay
D:5:      okawaru_gym_becter

Skill      XL: |  1  2  3  4  5  6  7 |
---------------+----------------------+-----
Dodging        | 3 4 |  4.3
Maces & Flails | 5 6 7 8 |  8.6
Fighting       | 5 6 7 8 |  8.5
Stealth        | |  1.5

Action                   |  1- 3 |  4- 6 |  7- 9 || total
-------------------------+-------+-------+-------++-------
Melee: Mace              |    86 |       |       ||    86
       Flail             |    50 |   228 |   129 ||   407
       Trident           |       |       |    13 ||    13
Throw: Throwing net      |       |     1 |       ||     1
Invok: Call Merchant     |       |       |     1 ||     1
 Stab: Sleeping          |     2 |    11 |     3 ||    16
       Distracted        |       |       |     1 ||     1
  Eat: Beef jerky        |       |     3 |     1 ||     4
       Pizza             |       |     1 |     2 ||     3
       Bread ration      |       |     1 |       ||     1
       Meat ration       |       |       |     1 ||     1
Armor: Robe              |    41 |    67 |    22 ||   130
Dodge: Dodged            |   115 |   117 |    68 ||   300
